AoeStats
← Silicio14Si

Nomad

507632522Analyzed
4v4 RM · 14d ago on Sep 19, 2026· 60m 58s· 8 players
Game mode
Random Map
Map size
231×231
Population
200
Speed
Normal
Resources
Standard
Victory
Conquest
Starting age
Dark Age
Ending age
Imperial Age
RankedLock teamsTeams togetherTeam positionsShared explorationLock speedFull tech treeHidden civsTurbo modeCheats
Victory
Defeat
🇨🇳 Persians · China
977
+13
🇧🇷 Japanese · Brazil
950
+15
🇺🇸 Sicilians · United States
912
+16
🇲🇽 Maya · Mexico
904
+16
🇺🇸 Italians · United States
1017
-18
🇺🇸 Vietnamese · United States
978
-18
🇺🇸 Byzantines · United States
844
-12
🇺🇸 Magyars · United States
830
-12
NandoF26
4:48 Loom
17:47 Feudal Age
24:52 Fletching
25:03 Padded Archer Armor
24:51 Town Watch
28:13 Castle Age
26:01 Double-Bit Axe
26:34 Horse Collar
28:32 Forging
28:27 Scale Mail Armor
29:32 Heavy Plow
30:59 Town Patrol
31:12 Pikeman
34:36 Bow Saw
35:10 Bodkin Arrow
35:30 Leather Archer Armor
40:23 Ballistics
40:13 Gold Mining
42:20 First Crusade
45:16 Imperial Age
43:22 Wheelbarrow
47:44 Hand Cart
48:01 Crop Rotation
47:45 Stone Mining
48:53 Bracer
49:29 Iron Casting
51:59 Gold Shaft Mining
51:59 Stone Shaft Mining
51:21 Murder Holes
54:28 Hoardings
54:50 Conscription
53:56 Elite Serjeant
57:53 Blast Furnace
57:09 Chain Mail Armor
58:48 First Crusade
58:56 Scale Barding Armor
Silicio14Si
9:57 Loom
15:16 Feudal Age
17:28 Fishing Lines
18:54 Double-Bit Axe
22:06 Castle Age
20:14 Fletching
21:52 Stone Mining
24:35 Gillnets
30:27 Wheelbarrow
29:43 Treadmill Crane
29:57 Gold Mining
30:22 Bow Saw
29:56 Horse Collar
30:39 Masonry
30:32 Murder Holes
31:28 Hand Cart
33:47 Imperial Age
31:21 Bodkin Arrow
32:52 Ballistics
35:02 Padded Archer Armor
35:55 Thumb Ring
37:34 Leather Archer Armor
37:42 Conscription
37:22 Town Watch
40:09 Chemistry
39:18 Elite Plumed Archer
41:57 Bracer
42:29 Ring Archer Armor
44:22 Holcans
44:13 Eagle Warrior
44:54 Squires
44:44 Arson
46:55 Forging
46:45 Scale Mail Armor
46:20 Elite Eagle Warrior
48:18 Iron Casting
49:05 Chain Mail Armor
51:41 Blast Furnace
51:12 Plate Mail Armor
53:24 Medium Warships
54:11 Careening
54:12 Clinker Construction
56:48 Architecture
58:56 Hoardings
fly
5:52 Loom
14:54 Feudal Age
19:46 Castle Age
18:37 Double-Bit Axe
20:14 Fletching
26:47 Town Watch
28:54 Horse Collar
29:24 Scale Barding Armor
29:30 Forging
29:36 Bodkin Arrow
31:51 Chain Barding Armor
32:07 Iron Casting
31:43 Crossbowman
33:48 Kamandaran
37:14 Ballistics
40:46 Imperial Age
39:25 Thumb Ring
44:30 Chemistry
43:34 Padded Archer Armor
46:37 Conscription
49:56 Bloodlines
49:48 Husbandry
53:05 Plate Barding Armor
55:24 Blast Furnace
andre.luizmg
15:21 Feudal Age
16:35 Loom
18:36 Stone Mining
20:50 Castle Age
19:07 Gold Mining
19:25 Scale Mail Armor
20:18 Forging
22:12 Wheelbarrow
21:52 Double-Bit Axe
22:31 Chain Mail Armor
22:52 Iron Casting
23:22 Gold Shaft Mining
23:06 Horse Collar
28:41 Heavy Plow
30:11 Bow Saw
30:12 Padded Archer Armor
30:03 Fletching
32:10 Ballistics
32:17 Bodkin Arrow
33:49 Leather Archer Armor
34:12 Murder Holes
34:49 Arson
35:04 Squires
34:50 Gambesons
35:31 Elite Skirmisher
39:40 Imperial Age
42:06 Conscription
43:51 Elite Samurai
45:35 Chemistry
45:07 Plate Mail Armor
46:06 Blast Furnace
54:07 Hand Cart
61:13 Kataparuto
P Friendly
7:02 Loom
16:55 Feudal Age
17:21 Double-Bit Axe
17:20 Fishing Lines
17:40 Town Watch
26:44 Castle Age
31:53 Imperial Age
30:05 Padded Archer Armor
30:02 Fletching
31:12 Bodkin Arrow
31:32 Leather Archer Armor
38:16 Imperial Age
37:52 Ballistics
40:32 Chemistry
42:37 Murder Holes
56:58 Bracer
jeremy.z
5:14 Loom
16:33 Feudal Age
17:19 Fishing Lines
21:25 Fletching
27:12 Castle Age
26:23 Double-Bit Axe
26:41 Gold Mining
26:35 Horse Collar
27:50 Wheelbarrow
29:24 Bodkin Arrow
29:46 Husbandry
29:11 Pikeman
30:40 Squires
30:25 Treadmill Crane
31:54 Forging
34:15 Stone Mining
35:29 Ballistics
35:25 Murder Holes
38:10 Imperial Age
36:54 Iron Casting
37:57 Scale Mail Armor
39:28 Conscription
38:35 Halberdier
43:43 Chemistry
43:12 Chain Mail Armor
44:16 Hand Cart
50:05 Bracer
56:48 Hoardings
59:57 Plate Mail Armor
granttheath
6:58 Loom
15:44 Feudal Age
16:27 Double-Bit Axe
20:09 Fishing Lines
23:55 Castle Age
23:25 Fletching
23:36 Horse Collar
24:36 Bloodlines
25:49 Wheelbarrow
25:18 Bodkin Arrow
25:38 Bow Saw
27:01 Husbandry
27:38 Heavy Plow
28:02 Thumb Ring
29:21 Padded Archer Armor
30:21 Ballistics
32:28 Leather Archer Armor
36:31 Hand Cart
36:02 Town Watch
37:11 Scale Barding Armor
42:56 Chain Barding Armor
44:30 Elite Skirmisher
luonghvo
8:35 Loom
16:17 Feudal Age
17:45 Fishing Lines
18:32 Double-Bit Axe
18:31 Horse Collar
19:19 Bloodlines
24:00 Scale Barding Armor
27:10 Castle Age
28:53 Gillnets
29:33 Bow Saw
31:44 Pikeman
32:10 Arson
32:48 Corvinian Army
36:10 Chain Barding Armor
43:44 Gold Mining
43:45 Stone Mining
44:45 Wheelbarrow
45:13 Heavy Plow
46:07 Murder Holes
46:33 Ballistics
59:29 Imperial Age
60:36 Imperial Age
Connection lost

Rejoining the realm…

Still unreachable

The connection could not be restored.

Session expired

The server has moved on; the page needs a fresh start.